 Dungeon Crawl Stone Soup version 0.23-a0-183-gf37f6fb (webtiles) character file.

18 epen the Poker (level 2, -1/28 HPs)
             Began as a Naga Monk on Sept 22, 2018.
             Slain by Natasha (10 damage)
             ... on level 2 of the Dungeon.
             The game lasted 00:01:35 (1373 turns).

epen the Poker (Naga Monk)                          Turns: 1373, Time: 00:01:36

Health: -1/28      AC:  1    Str: 13    XL:     2   Next: 66%
Magic:  2/2        EV: 10    Int: 10    God:
Gold:   55         SH:  0    Dex: 13    Spells: 1/1 levels left

rFire    . . .     SeeInvis +   j - +0 spear (vamp)
rCold    . . .     Gourm    .   (no shield)
rNeg     . . .     Faith    .   b - +0 robe
rPois    +         Spirit   .   (no helmet)
rElec    .         Reflect  .   (no cloak)
rCorr    .         Harm     .   (no gloves)
MR       .....                  (no barding)
Stlth    +++.......             (no amulet)
HPRegen  0.09/turn              g - ring of stealth
MPRegen  0.08/turn              (no ring)

@: slowed, very slow
A: large, see invisible, deformed body, poison resistance, slowness 2, slow
metabolism 1, spit poison 1, AC +0
a: Spit Poison


You were on level 2 of the Dungeon.
You were not hungry.

You visited 1 branch of the dungeon, and saw 2 of its levels.

You collected 55 gold pieces.

Inventory:

Hand Weapons
 a - a +0 spear
 j - a +0 vampiric spear (weapon)
Armour
 b - a +0 robe (worn)
Jewellery
 g - a ring of stealth (left hand)
Scrolls
 d - a scroll of noise {unknown}
 e - a scroll of remove curse {unknown}
 f - a scroll of fear {unknown}
 l - a scroll of enchant armour {unknown}
 n - a scroll of fog {unknown}
Potions
 c - 2 potions of heal wounds {unknown}
 h - 2 potions of mutation {unknown}
 i - 2 potions of agility {unknown}
 m - a potion of curing {unknown}
Comestibles
 k - 3 rations
 o - a chunk of flesh


   Skills:
 + Level 3.1 Fighting
 * Level 3.3 Polearms
 + Level 0.5 Armour
 + Level 2.5 Dodging
 - Level 3.0 Stealth


You had one spell level left.
You didn't know any spells.
Your spell library was empty.

Dungeon Overview and Level Annotations

Branches:
Dungeon (2/15)

Altars:

Annotations:
D:2 Natasha


Innate Abilities, Weirdness & Mutations

You cannot wear boots.
Your serpentine skin is tough. (AC +0)
You have supernaturally acute eyesight. (SInv)
Armour fits poorly on your strangely shaped body.
Your system is resistant to poisons. (rPois)
You cover ground very slowly.
You have a slow metabolism.
You can spit poison.


Message History

Natasha is nearby!
Natasha stares at you and mumbles some strange words.
You resist with significant effort. Natasha casts a spell at you.
You feel yourself slow down.
Natasha mumbles some strange words.
Natasha claws you.
You miss Natasha. Natasha completely misses you. Natasha claws you.
You closely miss Natasha.
Natasha stares at you and mumbles some strange words.
You resist with significant effort.
You hit Natasha but do no damage.
The crimson imp blinks!
Natasha barely misses you. The crimson imp closely misses you.
You closely miss Natasha. Natasha claws you. The crimson imp barely misses you.
Natasha claws you!
* * * LOW HITPOINT WARNING * * *
You hit Natasha.
You feel better.
Natasha is moderately wounded.
The crimson imp hits you. Natasha claws you!
You die...

#....(. #......
############......
........#..'.<....
#########.#.##......
#...........#.......
#.#######.###.......
###.#######.#
#.......
#...h@5.....#
#.......
#.#.#########
#.###### .. #.# ##
#.# #.#


You could see Natasha and a crimson imp.

Vanquished Creatures
  A worm (D:2)
  A giant cockroach (D:1)
  4 goblins (D:1)
  2 hobgoblins (D:1)
  A bat (D:1)
  3 kobolds (D:1)
  3 rats (D:1)
15 creatures vanquished.

Notes
Turn   | Place    | Note
-------+----------+-------------------------------------------
     0 | D:1      | epen the Naga Monk began the quest for the Orb.
     0 | D:1      | Reached XP level 1. HP: 21/21 MP: 1/1
   356 | D:1      | Reached XP level 2. HP: 28/28 MP: 2/2
  1365 | D:2      | Noticed Natasha
  1368 | D:2      | Noticed a crimson imp
  1373 | D:2      | Slain by Natasha

Vault maps used:
D:1:      ncdulo_smallfort, minmay_hexomino_p4
D:2:      kennysheep_cross_room, uniq_natasha

Action                   || total
-------------------------++-------
Melee: Spear             ||    68
 Abil: Spit Poison       ||     3
 Stab: Sleeping          ||     3
  Eat: Chunk             ||     2
       Ration            ||     1
Armor: Robe              ||     1
Dodge: Dodged            ||    26

Table legend:
 A = Non-vault XP
 B = Vault XP
 C = Vault XP percentage of total XP
 D = Non-vault monster count
 E = Vault monster count
 F = Vault count percentage of total count
                 A         B        C        D         E       F
            +---------+---------+-------+---------+---------+-------
      Total |      19 |       7 |  26.9 |      11 |       4 |  26.7
            +---------+---------+-------+---------+---------+-------
        D:1 |      14 |       7 |  33.3 |      10 |       4 |  28.6
        D:2 |       5 |       0 |   0.0 |       1 |       0 |   0.0
            +---------+---------+-------+---------+---------+-------
